 Dungeon Crawl Stone Soup version 0.29.1-14-g9c671dbff4 (webtiles) character file.

Game seed: 14435245250682378887

114 Revguard the Shield-Bearer (level 5, -2/42 HPs)
             Began as a Formicid Fighter on Feb 3, 2023.
             Was an Initiate of Cheibriados.
             Slain by a gnoll
             ... wielding a +0 flail
              (8 damage)
             ... on level 3 of the Dungeon on Feb 17, 2023.
             The game lasted 00:06:57 (2788 turns).

Revguard the Shield-Bearer (Formicid Fighter)       Turns: 2788, Time: 00:06:58

Health: -2/42      AC:  6    Str: 22 (24) XL:     5   Next: 19%
Magic:  6/6        EV:  9    Int:  8      God:    Cheibriados [......]
Gold:   97         SH:  0    Dex: 11 (14) Spells: 4/4 levels left

rFire   . . .      SeeInvis +   a - +0 war axe
rCold   . . .      Faith    .   c - +1 buckler
rNeg    . . .      Spirit   .   b - +0 scale mail
rPois   .          Reflect  .   (helmet unavailable)
rElec   .          Harm     .   (no cloak)
rCorr   .          Rampage  .   (no gloves)
Will    .....                   (no boots)
Stlth   ..........              (no amulet)
HPRegen 0.14/turn               (no ring)
MPRegen 0.10/turn               (no ring)

@: confused, lethally poisoned (-2 -> -4), ambrosia-drunk, very slow
A: permanent stasis, dig shafts and tunnels, antennae 3, four strong arms
a: Dig, Shaft Self, Renounce Religion


You were on level 3 of the Dungeon.
You worshipped Cheibriados.
Cheibriados was noncommittal.
You visited 1 branch of the dungeon, and saw 3 of its levels.

You collected 97 gold pieces.

Inventory:

Hand Weapons
 a - a +0 war axe (weapon)
Armour
 b - a +0 scale mail (worn)
 c - a +1 buckler (worn)
Scrolls
 e - a scroll of enchant armour
 g - a scroll of vulnerability {unknown}
 h - 2 scrolls of identify {unknown}
Potions
 d - a potion of might
 f - a potion of brilliance


   Skills:
 + Level 3.7 Fighting
 * Level 3.1 Axes
 + Level 3.6 Armour
 + Level 0.9 Dodging
 + Level 4.3 Shields
 + Level 1.6 Invocations
 + Level 1.5 Evocations


You had 4 spell levels left.
You didn't know any spells.
Your spell library was empty.

Dungeon Overview and Level Annotations

Branches:
Dungeon (3/15)

Altars:
Cheibriados


Innate Abilities, Weirdness & Mutations

You cannot be hasted, slowed, berserked, paralysed or teleported.
You can dig through walls and to a lower floor.
You have a pair of large antennae on your head. (SInv)
Your four strong arms can wield two-handed weapons with a shield.


Message History

The hobgoblin hits you but does no damage.
You block the gnoll's attack.
You completely miss the gnoll.
The gnoll is lightly wounded.
You slash the hobgoblin!
You kill the hobgoblin!
Cheibriados appreciates the change of pace.
You closely miss the gnoll. x2; You feel sick.
You block the gnoll's attack. x3
Unknown command.
You hit the gnoll.
The gnoll is moderately wounded.
You closely miss the gnoll. You hit the gnoll.
You feel sick. You block the gnoll's attack.
The gnoll hits you with a +0 flail.
* * * LOW HITPOINT WARNING * * *
The gnoll closely misses you. The gnoll hits you with a +0 whip.
* * * LOW HITPOINT WARNING * * *
The gnoll hits you with a +0 spear.
* * * LOW HITPOINT WARNING * * *
The gnoll closely misses you.
It was a potion of ambrosia.
You are confused.
You feel invigorated.
You feel sick. The gnoll hits you but does no damage.
The gnoll completely misses you. The gnoll closely misses you.
You feel sick. The gnoll misses you.
You hit the gnoll.
The gnoll is severely wounded.
You hit the gnoll but do no damage. You hit the gnoll.
You feel sick. The gnoll closely misses you.
The gnoll hits you with a +0 flail.
* * * LOW HITPOINT WARNING * * *
The gnoll hits you but does no damage.
You closely miss the gnoll.
The gnoll is severely wounded.
You closely miss the gnoll. x2; You feel sick.
The gnoll hits you with a +0 whip.
* * * LOW HITPOINT WARNING * * *
The gnoll completely misses you. The gnoll closely misses you.
The gnoll hits you with a +0 whip.
* * * LOW HITPOINT WARNING * * *
The gnoll hits you but does no damage. The gnoll hits you with a +0 flail!
You die...

.##.##.#....###..#.#
<..................#
.......#.........###
................##
..................#
................#.#
...........###.##.#
#.#.###g.......... .
)......g@..........#.
..#....g........##.
#...#.....#...#
#...#.#...#...# #..
..........#
#...###.#.#.. .. .
....... .#.# .#.###.


You could see 3 gnolls.

Vanquished Creatures
  Robin (D:2)
  A gnoll (D:3)
  2 adders
  4 dart slugs
  An orc (D:3)
  5 endoplasms
  6 giant cockroaches
  19 goblins
  4 hobgoblins
  A quokka (D:1)
  4 ball pythons
  4 bats
  2 frilled lizards (D:2)
  5 kobolds
  5 rats
64 creatures vanquished.

Notes
Turn   | Place    | Note
-------+----------+-------------------------------------------
     0 | D:1      | Revguard the Formicid Fighter began the quest for the Orb.
     0 | D:1      | Reached XP level 1. HP: 18/18 MP: 1/1
   182 | D:1      | Found a faded altar of an unknown god.
   265 | D:1      | Reached XP level 2. HP: 23/24 MP: 2/2
   630 | D:1      | Reached XP level 3. HP: 29/29 MP: 3/3
  1203 | D:2      | Reached skill level 1 in Evocations
  1461 | D:2      | Reached skill level 1 in Invocations
  1506 | D:2      | Upgraded the game from 0.29.1-13-g9f3cf754e1 to
                  | 0.29.1-14-g9c671dbff4
  1662 | D:2      | Reached XP level 4. HP: 32/35 MP: 4/4
  1728 | D:2      | Noticed Robin
  1764 | D:2      | Killed Robin
  2616 | D:3      | Reached XP level 5. HP: 42/42 MP: 6/6
  2686 | D:3      | Found a snail-covered altar of Cheibriados.
  2742 | D:3      | Became a worshipper of Cheibriados the Contemplative
  2788 | D:3      | Slain by a gnoll

Illustrated notes

Levels and vault maps discovered:
D:1:      erik_arrival_triangle_small, layout_basic, serial_corexii_hall,
          corexii_hall_statues_l, corexii_hall_statues_x,
          shapermc_ecumenical_altar_starsandcircs
D:2:      layout_basic, minmay_tetromino_s4, uniq_robin
D:3:      layout_basic, mainiacjoe_overflow_24_doors, chequers_mini_garden,
          chequers_serial_rivers_room_b

Skill      XL: |  1  2  3  4 |
---------------+-------------+-----
Evocations     | 1 |  1.5
Invocations    | 1 |  1.6
Axes           | 3 |  3.1
Fighting       | |  3.7
Armour         | |  3.6
Dodging        | |  0.9
Shields        | |  4.3

Action                   |  1- 3 |  4- 6 || total
-------------------------+-------+-------++-------
Melee: War axe           |    92 |    84 ||   176
  Use: Scroll            |     3 |       ||     3
       Potion            |     2 |     4 ||     6
Armor: Scale mail        |    47 |    41 ||    88
Dodge: Dodged            |    43 |    49 ||    92
Block: Buckler           |    20 |    26 ||    46
